Workbook

Sheet main
A1: Key performance indicators | B1: Description | C1: Typical impact | D1: Calculate your annual saving
A2: Planner productivity | B2: Planners quite often spend many hours collecting data and manually adjusting plans. An APS tool will the reduce the effort required in this, freeing up the time of the planners in more added-value work. | C2: 15% - 30% | D2: = hours saved every week from planners | E2: * cost per hour | F2: = yearly labor saving
D3: 8 | E3: 25 | F3: =D3*E3*52 -> 10400
A4: Reduce errors | B4: Humans make mistakes, which can be costly in your supply chain. An APS tool will automate processes and calculations, which will reduce the occurrences of mistakes. It will also help anticipating problems and bottlenecks, and improve visibility | C4: 6 - 36 / year | D4: = number of avoided errors per year | E4: * cost per error | F4: = yearly cost of errors
D5: 10 | E5: 5000 | F5: =D5*E5 -> 50000
A6: Reduced inventory | B6: Having the right stock levels across your supply chain is important for many businesses. Far too many businesses rely excessively on high inventory levels to operate smoothly. An APS tool allows a company to keep operating smoothly with lower inventory levels. | C6: 15% - 30% | D6: "= average inventory value | E6: * percentage reduction | F6: = one-off inventory reduction
D7: 800000 | E7: 0.15 | F7: =E7*D7 -> 120000
A8: Reduced work in progress | B8: An APS tool can intelligently plan all material and capacity, considering many constraints simultaneously. Your supply chain will work smoother will less work-in-progress in the supply chain. | C8: 20% - 50% | D8: = average work in progress value | E8: * percentage reduction | F8: = one-off WIP reduction
D9: 300000 | E9: 0.1 | F9: =E9*D9 -> 30000
A10: Increase on time delivery | B10: Meeting and exceeding customer's expectations is critical in today's markets. Delivering customer orders on the promised availability date will avoid penalties, avoid losing sales, increase customer satisfaction and boost repeat sales. In most indrustries this financial impact of this metric is hard to estimate quantitatively. | C10: 30% - 70%
A12: Improved asset utilization | B12: An APS tool will improve the utilization of critical bottlenecks - either machines, personnel or materials. It minimizes changeover times on resources, and intelligently optimizes the plan around the bottlenecks. It also provides the ability to proactive anticipate bottlenecks, rather than reacting to problems after they occur. | C12: 5% - 10%
A14: Improved forecast accuracy | B14: An accurate and efficient forecasting process enables collaboration of all departments in establishing a common view on the expected future demand. Indirectly it will further boost the quantifyiable metrics that are shown at the top. | C14: 5% - 20%
A17: Total benefits | B17: one-of benefits | C17: =F7+F9 -> 150000
B18: recurring benefits | C18: =F3+F5 -> 60400
A20: Total costs | B20: one-off implementation cost (internal + external) | C20: 40000
B21: yearly software subscription | C21: 10000
B22: yearly internal maintenance cost | C22: 5000
A24: Estimated payback period | B24: =timeline!B9 -> 4 months

Sheet timeline
B1: Year 1 | C1: Year 2 | D1: Year 3 | E1: Year 3 | F1: Year 4
A2: cost | B2: =main!C20+main!C21 -> 50000 | C2: =main!C21+main!C22 -> 15000 | D2: =main!C21+main!C22 -> 15000 | E2: =main!C21+main!C22 -> 15000 | F2: =main!C21+main!C22 -> 15000
A3: benefit | B3: =main!C17 -> 150000 | C3: =main!C18 -> 60400 | D3: =main!C18 -> 60400 | E3: =main!C18 -> 60400 | F3: =main!C18 -> 60400
A4: saving = benefit - cost | B4: =B3-B2 -> 100000 | C4: =C3-C2 -> 45400 | D4: =D3-D2 -> 45400 | E4: =E3-E2 -> 45400 | F4: =F3-F2 -> 45400
A5: cumulative cost | B5: =B2 -> 50000 | C5: =B5+C2 -> 65000 | D5: =C5+D2 -> 80000 | E5: =D5+E2 -> 95000 | F5: =E5+F2 -> 110000
A6: cumulative benefit | B6: =B3 -> 150000 | C6: =B6+C3 -> 210400 | D6: =C6+D3 -> 270800 | E6: =D6+E3 -> 331200 | F6: =E6+F3 -> 391600
A7: cumulative savings | B7: =B3-B2 -> 100000 | C7: =B7+C4 -> 145400 | D7: =C7+D4 -> 190800 | E7: =D7+E4 -> 236200 | F7: =E7+F4 -> 281600
A9: ROI | B9: =IF(B7>0,ROUND(B5/B6*12,0),IF(C7>0,ROUND(C5/C6*24,0),IF(D7>0,ROUND(D5/D6*36,0),IF(E7>0,ROUND(E5/E6*48,0),IF(F7>0,ROUND(F5/F6*60,0),":-( too many")))))&" months" -> 4 months
